 Dungeon Crawl Stone Soup version 0.29-a0-234-g0dae59b3db (webtiles) character file.

Game seed: 12288259966736689395

648 Anathary the Skirmisher (level 7, 0/58 HPs)
             Began as a Palentonga Monk on Mar 3, 2022.
             Was an Initiate of Yredelemnul.
             Slain by an adder (4 damage)
             ... on level 5 of the Dungeon.
             The game lasted 00:17:40 (6266 turns).

Anathary the Skirmisher (Palentonga Monk)           Turns: 6266, Time: 00:17:41

Health: 0/58       AC: 15    Str: 16    XL:     7   Next: 27%
Magic:  7/7        EV:  5    Int: 10    God:    Yredelemnul [......]
Gold:   210        SH:  0    Dex: 13    Spells: 6/6 levels left

rFire   . . .      SeeInvis +   a - +3 dagger (drain)
rCold   . . .      Faith    .   (no shield)
rNeg    . . .      Spirit   .   i - +0 chain mail
rPois   .          Reflect  .   (no helmet)
rElec   .          Harm     .   (no cloak)
rCorr   .          Rampage  .   (no gloves)
Will    .....                   (no barding)
Stlth   ..........              (no amulet)
HPRegen 0.19/turn               (no ring)
MPRegen 0.10/turn               (no ring)

@: curled up
A: large, rugged brown scales 3, see invisible, deformed body, roll 1, armoured
tail, reflexive curl
a: Rolling Charge, Renounce Religion, Recall Undead Harvest


You were on level 5 of the Dungeon.
You worshipped Yredelemnul.
Yredelemnul was noncommittal.
You visited 2 branches of the dungeon, and saw 6 of its levels.

You collected 210 gold pieces.

Inventory:

Hand Weapons
 a - a +3 dagger of draining (weapon)
Armour
 i - a +0 chain mail (worn)
Jewellery
 l - an amulet of faith
 r - a ring of wizardry
 s - a ring of protection from fire
Scrolls
 b - 8 scrolls of identify {unknown}
 e - a scroll of fear {unknown}
 f - a scroll of teleportation {unknown}
 g - 2 scrolls of magic mapping {unknown}
 k - 2 scrolls of fog {unknown}
 o - 2 scrolls of enchant armour {unknown}
 q - a scroll of silence {unknown}
Potions
 c - 4 potions of curing {unknown}
 d - 2 potions of lignification {unknown}
 h - a potion of degeneration {unknown}
 j - a potion of attraction {unknown}
 m - 2 potions of flight {unknown}
 n - a potion of invisibility {unknown}
 p - a potion of heal wounds {unknown}


   Skills:
 + Level 4.4 Fighting
 + Level 3.5 Short Blades
 + Level 4.1 Armour
 + Level 3.0 Dodging
 - Level 1.5 Stealth
 - Level 3.6 Unarmed Combat


You had 6 spell levels left.
You didn't know any spells.
Your spell library contained the following spells:

 Spells                   Type           Power      Damage    Failure   Level
 Sting                    Tmut/Pois      0%         1d3       99%         1
 Poisonous Vapours        Pois/Air       0%         N/A       100%        2
 Conjure Flame            Conj/Fire      0%         6-21      100%        3
 Ignite Poison            Fire/Tmut/Pois 0%         N/A       100%        3
 Ozocubu's Armour         Ice            0%         N/A       100%        3
 Olgreb's Toxic Radiance  Pois           0%         N/A       100%        4
 Sticky Flame             Conj/Fire      0%         2d3       100%        4
 Ozocubu's Refrigeration  Ice            0%         4d5       100%        7


Dungeon Overview and Level Annotations

Branches:
Dungeon (5/15)             Temple (1/1) D:4

Altars:
Cheibriados
Elyvilon
Gozag
Hepliaklqana
Kikubaaqudgha
Makhleb
Nemelex Xobeh
Okawaru
Ru
Trog
Uskayaw
Vehumet
Yredelemnul
Zin
The Shining One

Shops:
D:2 *((:


Innate Abilities, Weirdness & Mutations

You are completely covered in rugged brown scales. (AC +3, +7% HP)
You have supernaturally acute eyesight. (SInv)
Armour fits poorly on your strangely shaped body.
You can roll at nearby foes to attack.
You have a long armoured tail.
You curl defensively after being hit. (AC +7*)


Message History

The hound is severely wounded.
The hound barely misses your gnoll zombie.
The sky beast hits you but does no damage.
The sky beast hits your gnoll zombie. The sky beast shocks your gnoll zombie.
Your ogre zombie closely misses the white imp.
Something barely misses the worm.
You hit the hound.
The hound is moderately wounded.
The sky beast hits you but does no damage.
Your gnoll zombie misses the sky beast.
The sky beast hits your gnoll zombie.
Your gnoll zombie is destroyed!
Something barely misses the worm.
You hit the hound. You drain the hound.
The hound is severely wounded.
The sky beast hits you but does no damage.
The hound bites you but does no damage.
You hit the hound. You drain the hound.
You kill the hound!
Something bites the worm.
The hound bites you but does no damage.
The sky beast hits you but does no damage.
Your Armour skill increases to level 4!
The hound bites you but does no damage.
You hit the hound. You drain the hound.
You kill the hound!
You closely miss the adder. The adder bites you but does no damage.
You hit the adder. You tail-slap the adder.
The adder is severely wounded.
The adder bites you but does no damage.
Your ogre zombie barely misses the sky beast.
The adder bites you.
* * * LOW HITPOINT WARNING * * *
You closely miss the adder.
The adder is severely wounded.
The adder bites you but does no damage.
You miss the adder.
The adder is severely wounded.
Your ogre zombie barely misses the sky beast.
The adder bites you.
You die...
Your body rises from the dead as a mindless zombie.

.......##.##....
....#.........#.
........#.#.....
#.........#.#r#.#.#
#...........###...#
#..#....Zw........#
#..#..####Y..#....# .
..#..#.##oZ......# ..
#.#..#.@SY.......#
#.###.##...##5.......#
#......).####........#
#............#####...#
#......[####.# ...#
#...#..#)....# ..#
#.....#.#)##### ..#
#)..$..)#.# ..
#......)).###


You could see a sky beast (invisible, drained), an adder, a white imp (ally
target), an orc and a friendly ogre zombie.

Vanquished Creatures
  An ogre (D:5)
  A kobold brigand (D:4)
  2 hounds (D:5)
  Crazy Yiuf (D:3)
  Natasha (thrice) (D:3)
  An orc wizard (D:3)
  3 gnolls (D:5)
  7 adders
  An ufetubus (D:4)
  3 worms
  A dart slug (D:2)
  8 orcs
  4 bats
  6 endoplasms
  4 giant cockroaches
  12 goblins
  15 hobgoblins
  2 jackals (D:1)
  7 kobolds
  3 quokkas
  9 ball pythons
  5 frilled lizards
  7 rats
106 creatures vanquished.

Vanquished Creatures (collateral kills)
  2 hounds
  A gnoll (D:5)
  2 adders
  A quokka (D:4)
6 creatures vanquished.

Vanquished Creatures (others)
  A hound zombie (D:5)
  An adder zombie (D:5)
  A gnoll zombie (D:5)
  2 goblin zombies (D:4)
  An orc zombie (D:5)
  A spectral ufetubus (D:4)
  9 fungi (D:4)
  4 plants (D:1)
  11 withered plants (D:1)
31 creatures vanquished.

Grand Total: 143 creatures vanquished

Notes
Turn   | Place    | Note
-------+----------+-------------------------------------------
     0 | D:1      | Anathary the Palentonga Monk began the quest for the Orb.
     0 | D:1      | Reached XP level 1. HP: 19/19 MP: 1/1
   276 | D:1      | Found a faded altar of an unknown god.
   339 | D:1      | Reached XP level 2. HP: 25/25 MP: 2/2
  1495 | D:1      | Reached XP level 3. HP: 29/31 MP: 3/3
  1556 | D:2      | Found Zusughut's Assorted Antiques.
  1574 | D:2      | Found Suiph's Antique Weapon Boutique.
  1653 | D:2      | Found Pyigros's Antique Weapon Shoppe.
  2880 | D:2      | Found Dinuwk's Book Shop.
  3000 | D:3      | Noticed Natasha
  3007 | D:3      | Killed Natasha
  3008 | D:3      | Reached XP level 4. HP: 28/39 MP: 4/4
  3094 | D:3      | Noticed Natasha
  3108 | D:3      | Killed Natasha
  3109 | D:3      | Reached skill level 1 in Armour
  3333 | D:3      | Found a runed translucent door.
  3334 | D:3      | Noticed Crazy Yiuf
  3408 | D:3      | Reached skill level 1 in Short Blades
  3408 | D:3      | Reached XP level 5. HP: 43/44 MP: 5/5
  3783 | D:3      | Noticed Natasha
  3790 | D:3      | Killed Natasha
  4414 | D:3      | Killed Crazy Yiuf
  4626 | D:4      | Found a staircase to the Ecumenical Temple.
  4639 | Temple   | Entered the Ecumenical Temple
  4750 | Temple   | Became a worshipper of Yredelemnul the Dark
  4750 | Temple   | Reached * piety under Yredelemnul
  4750 | Temple   | Reached ** piety under Yredelemnul
  5075 | D:4      | Reached XP level 6. HP: 51/51 MP: 6/6
  5179 | D:4      | Found a snail-covered altar of Cheibriados.
  5828 | D:4      | Found a glowing golden altar of the Shining One.
  5888 | D:5      | Entered Level 5 of the Dungeon
  5912 | D:5      | Gained mutation: You curl defensively after being hit. (AC
                  | +7*) [Palentonga growth]
  5912 | D:5      | Reached XP level 7. HP: 18/58 MP: 7/7
  6266 | D:5      | Slain by an adder

Illustrated notes

Levels and vault maps discovered:
D:1:      dpeg_arrival_rooms_c, layout_basic,
          shapermc_ecumenical_altar_flowoftime, minmay_door_square,
          minmay_tromino_v7
D:2:      layout_basic, serial_shops, shop, shop, shop, shop
D:3:      minmay_razor_zed, layout_loops_cross, uniq_natasha,
          uniq_crazy_yiuf_cottage
D:4:      layout_loops_ring, mainiacjoe_overflow_catch_the_wave, temple_pool_b,
          serial_aquarium, aquarium_bridge_square [aquarium_subvault_bridge,
          aquarium_subvault_bridge, aquarium_subvault_window,
          aquarium_subvault_bridge], aquarium_window_1,
          aquarium_window_corridor_1, aquarium_view_2a, aquarium_balcony_3a,
          kennysheep_generic_room_3
D:5:      layout_basic, gammafunk_ghost_icy, minmay_fractal_squares_5
Temple:   nicolae_temple_god_jail

Skill      XL: |  1  2  3  4  5  6  7 |
---------------+----------------------+-----
Armour         | 1 2 3 4 |  4.1
Short Blades   | 1 2 3 |  3.5
Fighting       | 4 |  4.4
Dodging        | 3 |  3.0
Stealth        | |  1.5
Unarmed Combat | |  3.6

Action                   |  1- 3 |  4- 6 |  7- 9 || total
-------------------------+-------+-------+-------++-------
Melee: Unarmed           |   139 |       |       ||   139
       Tailslap          |    19 |    14 |     5 ||    38
       Punch             |     4 |     2 |       ||     6
       Dagger            |    29 |   152 |    38 ||   219
 Stab: Sleeping          |     1 |       |       ||     1
       Invisible         |       |     1 |       ||     1
Armor: Robe              |    38 |       |       ||    38
       Chain mail        |    43 |    72 |    42 ||   157
Dodge: Dodged            |    76 |    27 |    10 ||   113

Table legend: (Time is in decaauts)
 A = Elapsed time spent in this place.
 B = Non-inter-level travel time spent in this place.
 C = Inter-level travel time spent in this place.
 D = Time resting spent in this place.
 E = Time spent auto-exploring this place.
 F = Levels seen in this place.
 G = Mean time per level.
                   A        B        C        D        E       F      G
               +--------+--------+--------+--------+--------+-----+--------+
         Total |   6258 |   6088 |    170 |   2282 |   1846 |   6 | 1043.0 |
       Dungeon |   6126 |   5956 |    170 |   2282 |   1846 |   5 | 1225.2 |
        Temple |    132 |    132 |      0 |      0 |      0 |   1 |  132.0 |
               +--------+--------+--------+--------+--------+-----+--------+

Top non-repeatable levels by time:
     D:3: 1657 daAuts
     D:1: 1544 daAuts
     D:2: 1422 daAuts
     D:4: 1132 daAuts
     D:5: 369 daAuts
  Temple: 132 daAuts
